 Dungeon Crawl Stone Soup version 0.24.0-123-gd5b16e6ec5 (webtiles) character file.

Game seed: 966256148127030648, levelgen mode: deterministic

4267 FishyPogo the Slicer (level 10, 0/92 HPs)
             Began as a Gnoll Chaos Knight on Feb 9, 2020.
             Was a Plaything of Xom.
             Slain by a death yak (22 damage)
             ... on level 8 of the Dungeon.
             The game lasted 00:36:23 (6137 turns).

FishyPogo the Slicer (Gnoll Chaos Knight)           Turns: 6137, Time: 00:36:36

Health: 0/92       AC: 18    Str: 20    XL:     10   Next: 31%
Magic:  17/17      EV: 15    Int: 13    God:    Xom [.*....]
Gold:   522        SH: 12    Dex: 14    Spells: 10/19 levels left

rFire    + + .     SeeInvis .   a - +2 flail (protect)
rCold    + . .     Gourm    .   x - +0 buckler
rNeg     . . .     Faith    .   e - +3 leather armour
rPois    +         Spirit   .   (helmet restricted)
rElec    .         Reflect  +   B - +0 cloak
rCorr    +         Harm     .   (no gloves)
MR       .....     Clarity  +   (no boots)
Stlth    ++........             r - amulet "Irewnoqo" {Reflect rF+ SH+3}
HPRegen  0.25/turn              E - ring of resist corrosion
MPRegen  0.15/turn              q - ring of protection from fire

@: protection aura
A: distributed training, fangs 1, hooves 2, horns 1, large bone plates 1, rugged
brown scales 1, yellow scales 1, clarity, cold resistance 1, dopey 1, poison
resistance, robust 1, strong 1, MP-powered wands, strong nose
a: Renounce Religion


You were on level 8 of the Dungeon.
You worshipped Xom.
You were a plaything of Xom.
You were very hungry.

You visited 1 branch of the dungeon, and saw 8 of its levels.

You collected 522 gold pieces.

Inventory:

Hand Weapons
 a - a +2 flail of protection (weapon)
 b - a +0 hunting sling
 g - a +1 mace of holy wrath
 s - a +0 short sword of chaos
Missiles
 f - 212 stones
 o - 2 silver boomerangs
 u - 88 sling bullets
 A - 8 boomerangs (quivered)
 O - 2 throwing nets
Armour
 e - a +3 leather armour (worn)
 x - a +0 buckler (worn)
 B - a +0 cloak (worn)
 K - a +0 leather armour of magic resistance
Jewellery
 q - a ring of protection from fire (right hand)
 r - the amulet "Irewnoqo" (around neck) {Reflect rF+ SH+3}
   (You took it off a gnoll shaman on level 4 of the Dungeon)

   [amulet of reflection]

   It shields you and reflects attacks.
   It protects you from fire.
   It affects your SH (+3).
 E - a ring of resist corrosion (left hand)
Wands
 p - a wand of iceblast (11)
 t - a wand of flame (18)
 z - a wand of polymorph (7)
 D - a wand of paralysis (9)
 J - a wand of disintegration (13)
 L - a wand of digging (6)
Scrolls
 d - a scroll of amnesia
 i - 3 scrolls of teleportation
 m - 3 scrolls of enchant armour
 y - a scroll of magic mapping
 C - a scroll of enchant weapon {unknown}
 F - a scroll of immolation {unknown}
 G - 2 scrolls of identify
 M - a scroll of blinking
Potions
 h - a potion of resistance {unknown}
 j - a potion of agility {unknown}
 k - a potion of brilliance {unknown}
 l - 2 potions of magic
 n - 2 potions of flight
 v - 4 potions of heal wounds
 w - a potion of might {unknown}
 I - a potion of curing {unknown}
 N - a potion of degeneration {unknown}
Comestibles
 c - 20 rations


   Skills:
 + Level 8.4 Fighting
 + Level 8.4 Short Blades
 + Level 5.0 Long Blades
 + Level 5.0 Axes
 + Level 5.0 Maces & Flails
 + Level 5.0 Polearms
 + Level 5.0 Staves
 + Level 5.0 Slings
 + Level 5.0 Bows
 + Level 5.0 Crossbows
 + Level 5.0 Throwing
 + Level 6.9 Armour
 + Level 5.7 Dodging
 + Level 5.0 Stealth
 + Level 5.0 Shields
 + Level 5.0 Unarmed Combat
 + Level 5.0 Spellcasting
 + Level 4.2 Conjurations
 + Level 4.2 Hexes
 + Level 4.2 Charms
 + Level 4.2 Summonings
 + Level 4.2 Necromancy
 + Level 4.2 Translocations
 + Level 4.2 Transmutations
 + Level 4.2 Fire Magic
 + Level 4.2 Ice Magic
 + Level 4.2 Air Magic
 + Level 4.2 Earth Magic
 + Level 4.2 Poison Magic
 + Level 5.5 Invocations
 + Level 5.0 Evocations


You had 10 spell levels left.
You knew the following spells:

 Your Spells              Type           Power        Failure   Level  Hunger
a - Ensorcelled Hibernat  Hex/Ice        ##....       6%          2    ##.....
b - Dazzling Spray        Conj/Hex       ##....       12%         3    ###....
k - Tukima's Dance        Hex            ##......     12%         3    ###....
x - Apportation           Tloc           ##....       3%          1    None

Your spell library contained the following spells:

 Spells                   Type           Power        Failure   Level  Hunger
 Animate Skeleton         Necr           N/A          3%          1    None
 Confusing Touch          Hex            ##....       3%          1    None
 Corona                   Hex            ##.....      3%          1    None
 Summon Small Mammal      Summ           ##..         3%          1    None
 Confuse                  Hex            ##......     12%         3    ###....


Dungeon Overview and Level Annotations

Branches:
Dungeon (8/15)             Temple (0/1) D:6
   Lair: D:8-11

Altars:
Dithmenos
Nemelex Xobeh
Xom
Zin
The Shining One

Annotations:
D:3 1 runed translucent door, Xerdoz's ghost, amateur CeHu
D:6 2 exclusions


Innate Abilities, Weirdness & Mutations

Your experience applies equally to all skills.
You have very sharp teeth.
Your uncanny sense of smell can sniff out nearby items.
You have hoof-like feet.
You have a pair of small horns on your head.
You are partially covered in large bone plates. (SH +4)
You are partially covered in rugged brown scales. (AC +1, +3% HP)
You are partially covered in yellow scales. (AC +2)
You possess an exceptional clarity of mind.
Your flesh is cold resistant. (rC+)
You are dopey. (Int -2)
Your system is resistant to poisons. (rPois)
You are robust. (+10% HP)
Your muscles are strong. (Str +2)
You expend magic power (3 MP) to strengthen your wands.


Message History

The death yak is moderately wounded.
The death yak seems less confused.
Throwing (i - inventory. (/) - cycle)
A - 8 boomerangs (quivered)
Press: ? - help, Shift-Dir - straight line, f/p - death yak
Aim: a death yak (moderately wounded)
You throw a boomerang.
The boomerang hits the death yak but does no damage.
The death yak is moderately wounded.
You hit the death yak but do no damage. You headbutt the death yak.
The death yak is moderately wounded.
The death yak gores you but does no damage.
You hit the death yak. You kick the death yak.
You bite the death yak, but do no damage.
The death yak is moderately wounded.
The death yak gores you!!
* * * LOW HITPOINT WARNING * * *
You emit a cloud of colourful smoke!
The death yak gores you!!
You die...
Xom titters!

#### ####..## .....##..
##..#.<.##........#
#........##.......##
#####.......#.........##
#......§§§.............#.
##......§@................
#.......§Y§..............
###......................#
##........##..............##. ##
#...............<............ .##
##........................##.
..###...................##.....##
...##.........#..........#.......
..............##........##.5.#.#.


You could see a death yak.

Vanquished Creatures
  A hydra (D:7)
  A death yak (D:8)
  Joseph (D:7)
  An acid dragon (D:8)
  Duvessa (D:3)
  2 orc warriors
  2 phantoms
  3 sky beasts
  4 ogres
  A boggart (D:7)
  A centaur (D:8)
  3 bullfrogs
  Dowan (D:3)
  A scorpion (D:6)
  4 killer bees
  5 howler monkeys
  4 crimson imps
  A bullfrog zombie (D:5)
  2 jellies
  3 hounds
  A quasit (D:7)
  A gnoll shaman (D:4)
  5 orc priests
  A bullfrog skeleton (D:5)
  A centaur skeleton (D:7)
  2 orc wizards
  2 iguanas (D:5)
  2 worker ants
  A hound zombie (D:5)
  2 howler monkey zombies
  A worker ant zombie (D:6)
  Robin (D:2)
  4 gnolls
  6 adders
  A river rat (D:8)
  2 shadow imps
  2 adder skeletons
  A dart slug (D:3)
  2 leopard geckos (D:2)
  14 orcs
  4 ball pythons
  7 giant cockroaches
  19 goblins
  10 hobgoblins
  5 jackals
  5 quokkas
  5 bats
  4 frilled lizards
  10 kobolds
  2 leopard gecko skeletons
  13 rats
178 creatures vanquished.

Vanquished Creatures (collateral kills)
  2 orcs (D:6)
2 creatures vanquished.

Vanquished Creatures (others)
  2 dancing weapons (D:6)
2 creatures vanquished.

Grand Total: 182 creatures vanquished

Notes
Turn   | Place    | Note
-------+----------+-------------------------------------------
     0 | D:1      | FishyPogo the Gnoll Chaos Knight began the quest for the
                  | Orb.
     0 | D:1      | Reached XP level 1. HP: 23/23 MP: 1/1
   124 | D:1      | XOM: divination: detect items
   142 | D:1      | XOM: mild Conj miscast
   172 | D:1      | Reached XP level 2. HP: 28/29 MP: 2/2
   374 | D:1      | XOM: harmless Summ miscast
   475 | D:1      | Reached XP level 3. HP: 29/35 MP: 3/3
   583 | D:1      | XOM: mild Tloc miscast
   618 | D:1      | XOM: cloud trail
   718 | D:2      | Reached skill level 1 in Invocations
   777 | D:2      | Noticed a sky beast
   792 | D:2      | XOM: potion effect (haste)
   794 | D:2      | XOM: mild Chrm miscast
   984 | D:2      | Killed a sky beast
   984 | D:2      | Reached skill level 1 in Long Blades
   984 | D:2      | Reached skill level 1 in Axes
   984 | D:2      | Reached skill level 1 in Maces & Flails
   984 | D:2      | Reached skill level 1 in Polearms
   984 | D:2      | Reached skill level 1 in Staves
   984 | D:2      | Reached skill level 1 in Slings
   984 | D:2      | Reached skill level 1 in Bows
   984 | D:2      | Reached skill level 1 in Crossbows
   984 | D:2      | Reached skill level 1 in Throwing
   984 | D:2      | Reached skill level 1 in Stealth
   984 | D:2      | Reached skill level 1 in Shields
   984 | D:2      | Reached skill level 1 in Unarmed Combat
   984 | D:2      | Reached skill level 1 in Spellcasting
   984 | D:2      | Reached skill level 1 in Conjurations
   984 | D:2      | Reached skill level 1 in Hexes
   984 | D:2      | Reached skill level 1 in Charms
   984 | D:2      | Reached skill level 1 in Summonings
   984 | D:2      | Reached skill level 1 in Necromancy
   984 | D:2      | Reached skill level 1 in Translocations
   984 | D:2      | Reached skill level 1 in Transmutations
   984 | D:2      | Reached skill level 1 in Fire Magic
   984 | D:2      | Reached skill level 1 in Ice Magic
   984 | D:2      | Reached skill level 1 in Air Magic
   984 | D:2      | Reached skill level 1 in Earth Magic
   984 | D:2      | Reached skill level 1 in Poison Magic
   984 | D:2      | Reached skill level 1 in Evocations
   984 | D:2      | Reached XP level 4. HP: 12/41 MP: 4/6
   984 | D:2      | Reached XP level 5. HP: 14/47 MP: 4/7
  1007 | D:2      | XOM: medium Tloc miscast
  1102 | D:2      | Noticed Robin
  1115 | D:2      | Killed Robin
  1235 | D:2      | XOM: enchant monster (bad)
  1308 | D:2      | XOM: give mutation
  1308 | D:2      | Gained mutation: You are dopey. (Int -2) [Xom's mischief]
  1603 | D:2      | XOM: mild Necr miscast
  1888 | D:2      | XOM: give mutation
  1888 | D:2      | Gained mutation: You have a pair of small horns on your
                  | head. [Xom's mischief]
  1913 | D:2      | XOM: harmless Erth miscast
  1963 | D:3      | Reached XP level 6. HP: 46/53 MP: 8/8
  1990 | D:3      | XOM: harmless Necr miscast
  2093 | D:3      | Found a runed translucent door.
  2093 | D:3      | Noticed Xerdoz's ghost (amateur CeHu)
  2429 | D:4      | Found a sparkling altar of Nemelex Xobeh.
  2441 | D:4      | Reached skill level 5 in Armour
  2442 | D:4      | Noticed Duvessa
  2442 | D:4      | Noticed Dowan
  2463 | D:4      | XOM: potion effect (haste)
  2503 | D:3      | XOM: harmless Hex miscast
  2505 | D:3      | XOM: scenery: create altars
  2512 | D:3      | Killed Duvessa
  2512 | D:3      | Reached XP level 7. HP: 42/59 MP: 10/10
  2519 | D:3      | Killed Dowan
  2620 | D:4      | XOM: cleaving
  2702 | D:4      | XOM: god gift: 56 gold pieces
  2830 | D:4      | XOM: give mutations
  2830 | D:4      | Gained mutation: You have large cloven feet. [Xom's grace]
  2830 | D:4      | Gained mutation: You are partially covered in yellow
                  | scales. (AC +2) [Xom's grace]
  2850 | D:4      | Identified the amulet "Irewnoqo" {Reflect rF+ SH+3}
  3072 | D:5      | Entered Level 5 of the Dungeon
  3128 | D:5      | Found a glowing silver altar of Zin.
  3153 | D:5      | XOM: god gift: book of Maledictions
  3167 | D:5      | Learned a level 2 spell: Ensorcelled Hibernation
  3210 | D:5      | Reached XP level 8. HP: 67/67 MP: 12/12
  3548 | D:5      | XOM: give mutations
  3548 | D:5      | Gained mutation: You are partially covered in rugged brown
                  | scales. (AC +1, +3% HP) [Xom's grace]
  3548 | D:5      | Gained mutation: You are partially covered in large bone
                  | plates. (SH +4) [Xom's grace]
  3548 | D:5      | Gained mutation: You possess an exceptional clarity of
                  | mind. [Xom's grace]
  3658 | D:6      | Found a glowing golden altar of the Shining One.
  3690 | D:6      | XOM: god gift: 23 gold pieces
  3724 | D:6      | XOM: enchant monster (good)
  3732 | D:6      | XOM: confuse monster(s)
  3795 | D:6      | Found a staircase to the Ecumenical Temple.
  4025 | D:6      | Learned a level 3 spell: Tukima's Dance
  4029 | D:6      | XOM: give mutation
  4029 | D:6      | Gained mutation: You have hoof-like feet. [Xom's grace]
  4247 | D:6      | XOM: give mutations
  4247 | D:6      | Gained mutation: You are robust. (+10% HP) [Xom's grace]
  4247 | D:6      | Gained mutation: Your system is resistant to poisons.
                  | (rPois) [Xom's grace]
  4247 | D:6      | Gained mutation: Your flesh is cold resistant. (rC+) [Xom's
                  | grace]
  4307 | D:6      | XOM: cloud trail
  4352 | D:6      | XOM: draining
  4578 | D:6      | XOM: enchant monster (good)
  4685 | D:7      | XOM: give mutation
  4685 | D:7      | Gained mutation: Your muscles are strong. (Str +2) [Xom's
                  | grace]
  4710 | D:7      | XOM: polymorph iguana -> killer bee
  4724 | D:7      | Reached XP level 9. HP: 73/81 MP: 14/14
  4734 | D:7      | Learned a level 1 spell: Apportation
  4740 | D:7      | XOM: god gift: potion of heal wounds
  4761 | D:7      | XOM: polymorph centaur -> boggart
  4768 | D:7      | XOM: divination: magic mapping
  4819 | D:7      | XOM: enchant monster (bad)
  5164 | D:7      | XOM: summons 2 friendly demons
  5170 | D:7      | XOM: polymorph shadow imp -> crimson imp
  5204 | D:7      | Noticed Joseph
  5215 | D:7      | Learned a level 3 spell: Dazzling Spray
  5229 | D:7      | XOM: butterfly on damage
  5230 | D:7      | XOM: confuse monster(s)
  5238 | D:7      | Killed Joseph
  5238 | D:7      | Reached skill level 5 in Dodging
  5409 | D:7      | XOM: medium Air miscast
  5585 | D:7      | XOM: harmless Erth miscast
  5588 | D:7      | XOM: harmless Air miscast
  5732 | D:7      | XOM: cloud trail
  5742 | D:7      | Reached skill level 5 in Invocations
  5860 | D:8      | Found a shadowy altar of Dithmenos.
  5878 | D:8      | XOM: give mutation
  5878 | D:8      | Gained mutation: You expend magic power (3 MP) to
                  | strengthen your wands. [Xom's grace]
  5940 | D:8      | Noticed a death yak
  5945 | D:8      | Noticed a death yak
  5948 | D:8      | Noticed a death yak
  5953 | D:8      | XOM: noise
  5959 | D:8      | XOM: summons friendly crimson imp
  5960 | D:8      | Reached XP level 10. HP: 83/90 MP: 17/17
  5964 | D:8      | XOM: cleaving
  6083 | D:7      | Noticed a five-headed hydra
  6083 | D:7      | a death yak changed into a five-headed hydra
  6083 | D:7      | XOM: polymorph death yak -> five-headed hydra
  6093 | D:7      | XOM: summons 6 friendly demons
  6101 | D:7      | Killed a five-headed hydra
  6122 | D:8      | XOM: confuse monster(s)
  6125 | D:8      | XOM: harmless Necr miscast
  6132 | D:8      | Killed a death yak
  6132 | D:8      | Reached skill level 5 in Long Blades
  6132 | D:8      | Reached skill level 5 in Axes
  6132 | D:8      | Reached skill level 5 in Maces & Flails
  6132 | D:8      | Reached skill level 5 in Polearms
  6132 | D:8      | Reached skill level 5 in Staves
  6132 | D:8      | Reached skill level 5 in Slings
  6132 | D:8      | Reached skill level 5 in Bows
  6132 | D:8      | Reached skill level 5 in Crossbows
  6132 | D:8      | Reached skill level 5 in Throwing
  6132 | D:8      | Reached skill level 5 in Stealth
  6132 | D:8      | Reached skill level 5 in Shields
  6132 | D:8      | Reached skill level 5 in Unarmed Combat
  6132 | D:8      | Reached skill level 5 in Spellcasting
  6132 | D:8      | Reached skill level 5 in Evocations
  6137 | D:8      | XOM: smoke on damage
  6137 | D:8      | Slain by a death yak

Levels and vault maps discovered:
D:1:      saegor_arrival_simple_b, layout_basic, minmay_tromino_v4_a
D:2:      layout_basic, first_ration, minmay_3d_cube, uniq_robin
D:3:      layout_rooms, hellmonk_ghost_happy_afterlife
D:4:      layout_cave_pools, nemelex_xobeh_ov_fountains_minmay, uniq_duvessa
D:5:      layout_rooms, overflow_temple_1_default
D:6:      layout_cave_pods, tso_oasis_becter, minmay_temple_entry_large_hall,
          dk_noncrumbling_3, minivault_14, serial_park_tiny_2
D:7:      layout_basic, grunt_ogre_cave, uniq_joseph
D:8:      layout_cave_pools, dpeg_lair_monsters,
          grunt_dithmenos_smoke_and_mirrors

Skill      XL: |  1  2  3  4  5  6  7  8  9 10 |
---------------+-------------------------------+-----
Invocations    | 1 2 3 4 5 |  5.5
Long Blades    | 1 2 3 4 5 |  5.0
Axes           | 1 2 3 4 5 |  5.0
Maces & Flails | 1 2 3 4 5 |  5.0
Polearms       | 1 2 3 4 5 |  5.0
Staves         | 1 2 3 4 5 |  5.0
Slings         | 1 2 3 4 5 |  5.0
Bows           | 1 2 3 4 5 |  5.0
Crossbows      | 1 2 3 4 5 |  5.0
Throwing       | 1 2 3 4 5 |  5.0
Stealth        | 1 2 3 4 5 |  5.0
Shields        | 1 2 3 4 5 |  5.0
Unarmed Combat | 1 2 3 4 5 |  5.0
Spellcasting   | 1 2 3 4 5 |  5.0
Conjurations   | 1 2 3 4 |  4.2
Hexes          | 1 2 3 4 |  4.2
Charms         | 1 2 3 4 |  4.2
Summonings     | 1 2 3 4 |  4.2
Necromancy     | 1 2 3 4 |  4.2
Translocations | 1 2 3 4 |  4.2
Transmutations | 1 2 3 4 |  4.2
Fire Magic     | 1 2 3 4 |  4.2
Ice Magic      | 1 2 3 4 |  4.2
Air Magic      | 1 2 3 4 |  4.2
Earth Magic    | 1 2 3 4 |  4.2
Poison Magic   | 1 2 3 4 |  4.2
Evocations     | 1 2 3 4 5 |  5.0
Dodging        | 3 4 5 |  5.7
Armour         | 5 6 |  6.9
Fighting       | 7 8 |  8.4
Short Blades   | 7 8 |  8.4

Action                   |  1- 3 |  4- 6 |  7- 9 | 10-12 || total
-------------------------+-------+-------+-------+-------++-------
Melee: Short sword       |    75 |   101 |    64 |       ||   240
       Bite              |     7 |    12 |    36 |     7 ||    62
       Headbutt          |       |    19 |    60 |    18 ||    97
       Whip              |       |    64 |   105 |       ||   169
       Kick              |       |       |    73 |    21 ||    94
       Flail             |       |       |   150 |    38 ||   188
 Fire: Hunting sling     |    15 |    26 |    48 |       ||    89
Throw: Stone             |       |     4 |     3 |       ||     7
       Boomerang         |       |       |     4 |     8 ||    12
 Cast: Ensorcelled Hiber |       |       |     6 |       ||     6
       Tukima's Dance    |       |       |     4 |       ||     4
       Dazzling Spray    |       |       |     2 |       ||     2
  Use: Scroll            |     3 |       |     8 |       ||    11
 Stab: Sleeping          |     3 |     1 |     6 |       ||    10
       Distracted        |     1 |       |     1 |       ||     2
       Petrified         |       |       |     7 |       ||     7
       Petrifying        |       |       |     1 |       ||     1
       Invisible         |       |       |     1 |       ||     1
  Eat: Chunk             |       |     5 |    12 |       ||    17
Armor: Leather armour    |    19 |    49 |    90 |     6 ||   164
Dodge: Dodged            |    37 |   109 |   172 |    20 ||   338
Block: Buckler           |       |     5 |   154 |    17 ||   176
       Reflection        |       |       |     4 |       ||     4
